 Dungeon Crawl Stone Soup version 0.30-a0-170-g85af917532 (webtiles) character file.

Game seed: 6343834527629979561

81 qw the Chopper (level 4, -8/28 HPs)
             Began as a Gargoyle Fighter on Oct 1, 2022.
             Killed from afar by Jessica (17 damage)
             ... with a bolt of light
             ... on level 3 of the Dungeon.
             The game lasted 00:00:37 (1976 turns).

qw the Chopper (Gargoyle Fighter)                   Turns: 1976, Time: 00:00:37

Health: -8/28      AC: 10    Str: 21    XL:     4   Next: 40%
Magic:  4/4        EV:  9    Int:  9    God:
Gold:   126        SH:  4    Dex:  9    Spells: 3/3 levels left

rFire   . . .      SeeInvis .    Y - +1 war axe
rCold   . . .      Faith    .    c - +0 buckler
rNeg    + . .      Spirit   .    b - +0 scale mail
rPois   inf        Reflect  .    (no helmet)
rElec   +          Harm     .    (no cloak)
rCorr   .          Rampage  .    (no gloves)
Will    .....                    (no boots)
Stlth   ..........               (no amulet)
HPRegen 0.09/turn                (no ring)
MPRegen 0.09/turn                (no ring)

@: no status effects
A: sickness immunity, AC +3, negative energy resistance 1, electricity
resistance, torment resistance 1, petrification resistance
a: no special abilities


You were on level 3 of the Dungeon.
You visited 1 branch of the dungeon, and saw 3 of its levels.

You collected 126 gold pieces.


Innate Abilities, Weirdness & Mutations

You are immune to sickness and miasma.
Your stone body is resilient. (AC +3)
You are immune to poison.
You resist negative energy. (rN+)
You are resistant to electric shocks. (rElec)
You are resistant to unholy torment.
You are immune to petrification.


   Skills:
 - Level 3.2 Fighting
 + Level 4.1 Axes
 - Level 3.2 Armour
 - Level 3.2 Shields


You had 3 spell levels left.
You didn't know any spells.
Your spell library was empty.

Inventory:

Hand Weapons
 a - a +1 whip of flaming
 Y - a +1 war axe (weapon)
Missiles
 j - 4 boomerangs (quivered)
Armour
 b - a +0 scale mail (worn)
 c - a +0 buckler (worn)
Scrolls
 e - a scroll of acquirement {unknown}
 f - 2 scrolls of identify
Potions
 d - 2 potions of might
 h - a potion of attraction

Dungeon Overview and Level Annotations

Branches:
Dungeon (3/15)

Altars:

Annotations:
D:3 Jessica


Message History

The orc is lightly wounded.
The orc closely misses you.
You hit the orc.
The orc is severely wounded.
The orc hits you with a +0 hand axe. The orc closely misses you.
You closely miss the orc.
The orc is severely wounded.
The orc completely misses you.
You slash the orc!
You kill the orc!
You start resting.
HP restored.
Things that are here:
a +0 hand axe; a +0 leather armour; an orc corpse You now have 116 gold pieces (gained 11).
e - a scroll labelled ORUPSA CU YFI
Enter note:
Found a club.
You see here a +0 club.
Found a stone staircase leading down.
There is a stone staircase leading down here.
You now have 126 gold pieces (gained 10).
Jessica the Apprentice Sorceress comes into view.
She is wielding a +0 dagger and carrying a wand of light (6).
Jessica shouts!
Jessica zaps a wand.
The bolt of light hits you!!
You are confused.
Ouch! That really hurt!
Enter note:
Enter note: You slash Jessica!
Jessica is severely wounded.
Jessica drinks a potion.
Jessica is healed!
Jessica gestures at you while chanting.
You barely resist. You hit Jessica but do no damage.
Jessica is lightly wounded.
You feel less confused.
Jessica zaps a wand.
The bolt of light hits you!
Ouch! That really hurt!
You die...

#.# #.# #.#
#.#
#######.####.#
............#
#######.####.#
#.########
#.@@......
##########


You could see Jessica.

Vanquished Creatures
  4 adders (D:2)
  A worm (D:2)
  2 orcs
  2 bats (D:2)
  6 endoplasms
  2 giant cockroaches
  4 goblins (D:2)
  2 hobgoblins
  2 quokkas
  5 ball pythons
  3 frilled lizards
  3 kobolds (D:2)
  2 rats (D:2)
38 creatures vanquished.

Notes
Turn   | Place    | Note
-------+----------+-------------------------------------------
     0 | D:1      | qw the Gargoyle Fighter began the quest for the Orb.
     0 | D:1      | Reached XP level 1. HP: 14/14 MP: 1/1
     0 | D:1      | 0 ||| qw: Version: 0.2-a-13-gfc7b4b4
     0 | D:1      | 0 ||| qw: Game counter: 1705
     0 | D:1      | 0 ||| qw: Always use a shield: true
     0 | D:1      | 0 ||| qw: God list: Okawaru
     0 | D:1      | 0 ||| qw: Allow faded altars: false
     0 | D:1      | 0 ||| qw: Do Orc after D:15 true
     0 | D:1      | 0 ||| qw: Do second Lair branch before Depths: true
     0 | D:1      | 0 ||| qw: Lair rune preference: random
     0 | D:1      | 0 ||| qw: Plans: Normal, Zot:1-4, God:TSO, Crypt, Tomb,
                  | Pan, Slime:5, Hells, Abyss, Orb
     0 | D:1      | 0 ||| PLANNING D:1-11
   112 | D:1      | Found a faded altar of an unknown god.
   135 | D:1      | Reached skill level 2 in Axes
   521 | D:1      | Reached XP level 2. HP: 19/19 MP: 2/2
   854 | D:1      | 854 ||| READING scroll labelled FUWORPH URPHYME.
   855 | D:1      | 855 ||| READING scroll labelled ZUHEHA PALI.
   856 | D:1      | 856 ||| READING 2 scrolls labelled INGOGO DINISIH.
   857 | D:1      | 857 ||| READING scroll labelled VAAJAS RIDOR.
   858 | D:1      | 858 ||| READING scroll labelled ZIUWENTEHA.
   859 | D:1      | 859 ||| READING scroll labelled COLICI NORUI.
   863 | D:1      | 863 ||| DRINKING 2 bubbling purple potions.
   964 | D:1      | 964 ||| DROPPING potion of ambrosia.
   965 | D:1      | 965 ||| DROPPING scroll of poison.
  1049 | D:2      | Reached skill level 3 in Axes
  1050 | D:2      | 1050 ||| Stepping ~*~*~tactically~*~*~ (stealth).
  1278 | D:2      | Reached XP level 3. HP: 23/23 MP: 3/3
  1286 | D:2      | 1286 ||| Stepping ~*~*~tactically~*~*~ (stealth).
  1366 | D:2      | 1366 ||| Stepping ~*~*~tactically~*~*~ (stealth).
  1367 | D:2      | 1367 ||| Stepping ~*~*~tactically~*~*~ (stealth).
  1368 | D:2      | 1368 ||| Stepping ~*~*~tactically~*~*~ (stealth).
  1369 | D:2      | 1369 ||| Stepping ~*~*~tactically~*~*~ (stealth).
  1370 | D:2      | 1370 ||| Stepping ~*~*~tactically~*~*~ (stealth).
  1391 | D:2      | 1391 ||| Stepping ~*~*~tactically~*~*~ (stealth).
  1403 | D:2      | 1403 ||| Stepping ~*~*~tactically~*~*~ (stealth).
  1404 | D:2      | 1404 ||| Stepping ~*~*~tactically~*~*~ (stealth).
  1408 | D:2      | Reached XP level 4. HP: 28/28 MP: 4/4
  1415 | D:2      | 1415 ||| Stepping ~*~*~tactically~*~*~ (stealth).
  1433 | D:2      | Reached skill level 4 in Axes
  1732 | D:2      | 1732 ||| READING scroll labelled VIAREURRIU.
  1733 | D:2      | 1733 ||| READING scroll labelled QEURAA ZOOPHAB.
  1734 | D:2      | 1734 ||| READING 3 scrolls of identify.
  1734 | D:2      | 1734 ||| IDENTIFYING metallic inky potion
  1735 | D:2      | 1735 ||| READING 2 scrolls of identify.
  1735 | D:2      | 1735 ||| IDENTIFYING purple potion
  1736 | D:2      | 1736 ||| DROPPING potion of invisibility.
  1751 | D:3      | 1751 ||| Stepping ~*~*~tactically~*~*~ (stealth).
  1753 | D:3      | 1753 ||| Stepping ~*~*~tactically~*~*~ (stealth).
  1775 | D:3      | 1775 ||| DROPPING +0 whip.
  1973 | D:3      | Noticed Jessica
  1976 | D:3      | Killed from afar by Jessica

Levels and vault maps discovered:
D:1:      dpeg_arrival_castle, layout_loops_corners,
          shapermc_ecumenical_altar_venn
D:2:      layout_rooms, serial_glass, glass_columns_a, glass_columns_a
D:3:      wad_lake_hut, layout_loops_ring, uniq_jessica

Skill      XL: |  1  2  3  4 |
---------------+-------------+-----
Axes           | 2 3 4 |  4.1
Fighting       | |  3.2
Armour         | |  3.2
Shields        | |  3.2

Action                   |  1- 3 |  4- 6 || total
-------------------------+-------+-------++-------
Melee: War axe           |    80 |    32 ||   112
Throw: Boomerang         |    17 |    14 ||    31
  Use: Scroll            |     6 |     4 ||    10
       Potion            |     1 |       ||     1
Armor: Scale mail        |    51 |    11 ||    62
Dodge: Dodged            |    49 |    13 ||    62
Block: Buckler           |    21 |     2 ||    23

Table legend:
 A = Non-vault XP
 B = Vault XP
 C = Vault XP percentage of total XP
 D = Non-vault monster count
 E = Vault monster count
 F = Vault count percentage of total count
                 A         B        C        D         E       F
            +---------+---------+-------+---------+---------+-------
      Total |     116 |       0 |   0.0 |      38 |       0 |   0.0
            +---------+---------+-------+---------+---------+-------
        D:1 |      13 |       0 |   0.0 |       8 |       0 |   0.0
        D:2 |      96 |       0 |   0.0 |      27 |       0 |   0.0
        D:3 |       7 |       0 |   0.0 |       3 |       0 |   0.0
            +---------+---------+-------+---------+---------+-------
